 Dungeon Sprint DCSS version 0.23.0 (webtiles) character file.

Game seed: 11490680754308560969

7487 nuthulu the Carver (level 10, -2/92 HPs)
             Began as a Demonspawn Gladiator on Feb 17, 2019.
             Was the Champion of Jiyva.
             Shot with a bolt by a yaktaur (7 damage)
             ... in the Dungeon (Sprint V: "Ziggurat Sprint").
             The game lasted 00:03:57 (205 turns).

nuthulu the Carver (Demonspawn Gladiator)            Turns: 205, Time: 00:03:57

Health: -2/92      AC: 25    Str: 22    XL:     10   Next: 94%
Magic:  13/13      EV: 17    Int:  9    God:    Jiyva [******]
Gold:   0          SH:  0    Dex: 19    Spells: 13/13 levels left

rFire    + + .     SeeInvis .   H - +11 plutonium sword {*Contam Stlth-}
rCold    + . .     Gourm    .   (shield currently unavailable)
rNeg     . . .     Faith    .   F - +15 Maxwell's patent armour {-Cast -Tele rElec MR+ rCorr}
rPois    +         Spirit   .   (no helmet)
rElec    +         Reflect  .   (no cloak)
rCorr    +         Harm     .   (no gloves)
MR       +....     Clarity  +   (no boots) Stlth ..........NoTele +
                                o - amulet of regeneration
HPRegen  0.65/turn NoCast   +   D - +6 ring of strength
MPRegen  0.13/turn              G - ring of Propriety {rElec rF+ EV+2 Stlth+}

@: no status effects
A: hooves 2, icy blue scales 2, agile 1, clarity, cold resistance 1, fire
resistance 1, poison resistance, spiny 2, eyeballs 2, gelatinous body 1,
pseudopods 3, translucent skin 2, evolution 1, tendrils, jelly sensing items,
jelly absorbing missiles, MP-powered wands
a: Request Jelly, Slimify, Cure Bad Mutation, Renounce Religion


You were in the Dungeon.
You worshipped Jiyva.
Jiyva was exalted by your worship.
You were completely stuffed.

You visited 1 branch

Inventory:

Hand Weapons
 H - the +11 plutonium sword (weapon) {*Contam Stlth-}
   (You found it in the Dungeon)

   It causes magical contamination when unequipped.
   It makes you less stealthy.
Missiles
 d - 4 throwing nets (quivered)
Armour
 c - a +0 helmet
 F - the +15 Maxwell's patent armour (worn) {-Cast -Tele rElec MR+ rCorr}
   (You found it in the Dungeon)

   It insulates you from electricity.
   It affects your resistance to hostile enchantments.
   It prevents spellcasting.
   It prevents most forms of teleportation.
   It provides partial protection from all sources of acid and corrosion.
Jewellery
 o - an amulet of regeneration (around neck)
 z - a +6 ring of dexterity
 A - a +6 ring of dexterity
 B - a +6 ring of intelligence
 C - a +6 ring of intelligence
 D - a +6 ring of strength (left hand)
 E - a +6 ring of strength
 G - the ring of Propriety (right hand) {rElec rF+ EV+2 Stlth+}
   (You found it in the Dungeon)

   [ring of evasion]

   It affects your evasion (+2).
   It protects you from fire.
   It insulates you from electricity.
   It makes you more stealthy.
 I - the ring of Robustness {AC+8}
   (You found it in the Dungeon)

   [ring of protection]

   It affects your AC (+8).
Wands
 w - a wand of disintegration (7)
 x - a wand of iceblast (7)
 y - a wand of acid (7)
Scrolls
 b - a scroll of brand weapon
 k - 4 scrolls of blinking
 r - 4 scrolls of amnesia
 s - 7 scrolls of fog
 t - 5 scrolls of identify
 u - 5 scrolls of remove curse
 v - 2 scrolls of fear
Potions
 e - 8 potions of curing
 g - 10 potions of heal wounds
 h - 9 potions of haste
 i - 7 potions of magic
 j - 3 potions of berserk rage
 l - 2 potions of brilliance
 m - 2 potions of invisibility
 n - 4 potions of resistance
 p - 5 potions of agility
 q - 5 potions of might
Comestibles
 a - a chunk of flesh
 f - 7 rations


   Skills:
 + Level 13.1 Fighting
 + Level 14.0 Long Blades
 - Level 5.4 Throwing
 - Level 2.6 Armour
 + Level 13.7 Dodging
 - Level 2.4 Stealth
 - Level 2.2 Unarmed Combat
 - Level 2.2 Spellcasting
 - Level 2.4 Evocations


You had 13 spell levels left.
You didn't know any spells.
Your spell library was empty.

Dungeon Overview and Level Annotations

Branches:
Dungeon (1/1)

Altars:
Ashenzari
Cheibriados
Dithmenos
Elyvilon
Fedhas
Gozag
Hepliaklqana
Kikubaaqudgha
Makhleb
Nemelex Xobeh
Okawaru
Qazlal
Ru
Sif Muna
Trog
Uskayaw
Vehumet
Wu Jian
Xom
Yredelemnul
Zin
The Shining One
Beogh
Jiyva
Lugonu

Annotations:
D 1 transporter


Innate Abilities, Weirdness & Mutations

You have hoof-like feet.
You are mostly covered in icy blue scales. (AC +3)
Your flesh is cold resistant. (rC+)
You are mostly covered in sharp spines.
You are agile. (Dex +2)
You possess an exceptional clarity of mind.
Your flesh is heat resistant. (rF+)
Your system is resistant to poisons. (rPois)
Your body has grown many golden eyes which may confuse attackers. (Acc +5)
Your rubbery body absorbs attacks. (AC +1, EV +1)
Armour fits poorly on your massive pseudopods.
Your translucent skin reduces your foes' accuracy. (Stealth)
You evolve.
You are covered in slimy tendrils that may disarm your opponents.
You have a small jelly attached to you that senses nearby items.
You have a small jelly attached to you that may absorb incoming projectiles.
You expend magic power (3 MP) to strengthen your wands.


Message History

The centaur warrior is burned by acid!
Your acid blob hits the centaur warrior!!
The centaur warrior dies!
Your Fighting skill increases to level 13!
Your Long Blades skill increases to level 14!
You hear a distant slurping noise.
You feel a little less hungry.
You feel better.
You hit the cyclops but do no damage.
Mutagenic energy flows through the plutonium sword!
You kick the cyclops, but do no damage.
You bludgeon the cyclops, but do no damage.
The cyclops is moderately wounded.
The centaur shoots an arrow.
The arrow closely misses you. The cyclops closely misses you.
The yaktaur captain is struck by your spines.
The yaktaur captain hits you!
* * * LOW HITPOINT WARNING * * *
The centaur shoots an arrow.
The arrow hits your acid blob.
The yaktaur shoots a bolt.
The bolt hits you!
You die...

▓.........▓...†÷..▓
▓.▓.....▓.▓.▓...▓.▓
▓....©....▓...©...▓
▓▓▓▓▓▓▓▓▓▓▓▓▓▓▓▓▓▓▓
▓...8©8...▓..8©8..▓
▓...=""}..▓.......▓
▓...}[c...▓..|.}..▓
▓...)cJCc.▓.......▓
▓..).(@...▓...)...▓
▓.....(..(▓..(†...▓
▓.........▓...)...▓
▓(...(....▓.▓.(.▓.▓
▓.(.(©(...▓...©...▓
▓▓▓▓▓▓▓▓▓▓▓▓▓▓▓▓▓▓▓
∆∆∆∆∆ ∆∆∆∆∆ ∆∆∆∆∆
∆∆∆∆


You could see a yaktaur captain, a cyclops, a yaktaur, a centaur and a friendly
acid blob.

Vanquished Creatures
  A tentacled starspawn (D)
  A green death (D)
  A hydra (D)
  2 ugly things (D)
  4 merfolk (D)
  A yak (D)
  A fire bat (shapeshifter) (D)
  2 fire elementals (D)
  A small abomination (D)
  A sky beast (shapeshifter) (D)
  2 centaurs (D)
  A wolf (D)
  A bullfrog (D)
  A scorpion (shapeshifter) (D)
  A killer bee (shapeshifter) (D)
  2 crimson imps (D)
  3 quasits (D)
  3 iron imps (D)
  An iguana (D)
  A shadow imp (D)
  2 white imps (D)
  2 ufetubi (D)
  A jackal (D)
  A starspawn tentacle (D)
37 creatures vanquished.

Vanquished Creatures (collateral kills)
  A centaur warrior (D)
  2 yaktaurs (D)
  A centaur (D)
4 creatures vanquished.

Vanquished Creatures (others)
  A spatial maelstrom (D)
  A jelly (D)
  A fire vortex (D)
  4 starspawn tentacles (D)
7 creatures vanquished.

Grand Total: 48 creatures vanquished

Notes
Turn   | Place    | Note
-------+----------+-------------------------------------------
     0 | D        | Found the +6 Majin-Bo {vamp, Archmagi MP+6 Int+6}
     0 | D        | Found the +7 great mace "Firestarter" {inner flame, rF++}
     0 | D        | nuthulu the Demonspawn Gladiator began the quest for the
                  | Orb.
     0 | D        | Reached XP level 1. HP: 16/16 MP: 1/1
     0 | D        | Found a deep blue altar of Sif Muna.
     0 | D        | Found a sacrificial altar of Ru.
     0 | D        | Found a bloodstained altar of Trog.
     0 | D        | Found a stormy altar of Qazlal.
     0 | D        | Found an iron altar of Okawaru.
     0 | D        | Found a sparkling altar of Nemelex Xobeh.
     0 | D        | Found a blossoming altar of Fedhas.
     2 | D        | Found a transporter.
     2 | D        | Found an ancient bone altar of Kikubaaqudgha.
     2 | D        | Found a viscous altar of Jiyva.
     2 | D        | Found a corrupted altar of Lugonu.
     2 | D        | Found a hazy altar of Hepliaklqana.
     2 | D        | Found a burning altar of Makhleb.
     2 | D        | Found an opulent altar of Gozag.
    17 | D        | Banished a spatial maelstrom
    18 | D        | Found the +9 heavy crossbow "Sniper" {velocity, Acc+∞ SInv}
    18 | D        | Found the +10 dark maul {crush}
    18 | D        | Found the +15 Maxwell's patent armour {-Cast -Tele rElec
                  | MR+ rCorr}
    18 | D        | Found the +18 shield of the Gong {rElec rN+ MR+ EV-5}
    18 | D        | Found the cursed +14 obsidian axe {chop, +Fly SInv *Curse}
    20 | D        | Found the +6 shillelagh "Devastator" {shatter}
    20 | D        | Found the +11 plutonium sword {*Contam Stlth-}
    20 | D        | Found the +8 lance "Wyrmbane" {slay drac, rPois rF+ rC+
                  | AC+3}
    20 | D        | Found the +9 sword of Zonguldrok {reap}
    20 | D        | Found the cursed +13 scythe of Curses {drain, *Curse}
    20 | D        | Found the +0 sword of Power
    20 | D        | Found the +7 mace of Variability {chain chaos}
    20 | D        | Found the +7 Singing Sword {slice, sonic wave}
    20 | D        | Found the +7 longbow "Piercer" {penet, EV-2}
    47 | D        | Became a worshipper of Jiyva Jidd the Shapeless
    47 | D        | Reached * piety under Jiyva
    47 | D        | Reached ** piety under Jiyva
    47 | D        | Reached *** piety under Jiyva
    47 | D        | Gained mutation: Your flesh is heat resistant. (rF+)
                  | [Jiyva's grace]
    47 | D        | Lost mutation: Your flesh is heat resistant. (rF+) [Jiyva's
                  | grace]
    47 | D        | Reached **** piety under Jiyva
    47 | D        | Reached ***** piety under Jiyva
    47 | D        | Gained mutation: You have large cloven feet. [Jiyva's
                  | grace]
    47 | D        | Gained mutation: You possess an exceptional clarity of
                  | mind. [Jiyva's grace]
    47 | D        | Lost mutation: You possess an exceptional clarity of mind.
                  | [Jiyva's grace]
    47 | D        | Reached ****** piety under Jiyva
    47 | D        | Gained mutation: You are robust. (+10% HP) [Jiyva's grace]
    47 | D        | Gained mutation: You can translocate small distances at
                  | will. [Jiyva's grace]
    47 | D        | Gained mutation: You evolve. [Jiyva's grace]
    47 | D        | Gained mutation: You are resistant to hostile enchantments.
                  | (MR+) [Jiyva's grace]
    47 | D        | Gained mutation: You have supernaturally acute eyesight.
                  | (SInv) [Jiyva's grace]
    47 | D        | Gained mutation: Your rubbery body absorbs attacks. (AC +1,
                  | EV +1) [Jiyva's grace]
    47 | D        | Gained mutation: Armour fits poorly on your pseudopods.
                  | [Jiyva's grace]
    47 | D        | Gained mutation: You passively map a small area around you.
                  | [Jiyva's grace]
    47 | D        | Gained mutation: Your spells are a little harder to cast,
                  | but a little more powerful. [Jiyva's grace]
    47 | D        | Gained mutation: Your system is resistant to poisons.
                  | (rPois) [Jiyva's grace]
    47 | D        | Lost mutation: You have supernaturally acute eyesight.
                  | (SInv) [Jiyva's grace]
    47 | D        | Gained mutation: Your translucent skin slightly reduces
                  | your foes' accuracy. (Stealth) [Jiyva's grace]
    47 | D        | Lost mutation: You are robust. (+10% HP) [Jiyva's grace]
    47 | D        | Lost mutation: Your spells are a little harder to cast, but
                  | a little more powerful. [Jiyva's grace]
    47 | D        | Lost mutation: You evolve. [Jiyva's grace]
    47 | D        | Gained mutation: You are robust. (+10% HP) [Jiyva's grace]
    47 | D        | Gained mutation: You possess an exceptional clarity of
                  | mind. [Jiyva's grace]
    47 | D        | Gained mutation: You have a small jelly attached to you
                  | that senses nearby items. [Jiyva's grace]
    47 | D        | Lost mutation: You can translocate small distances at will.
                  | [Jiyva's grace]
    47 | D        | Gained mutation: You have acidic saliva. [Jiyva's grace]
    47 | D        | Gained mutation: You are clumsy. (Dex -2) [Jiyva's grace]
    47 | D        | Gained mutation: Armour fits poorly on your large
                  | pseudopods. [Jiyva's grace]
    47 | D        | Lost mutation: Your rubbery body absorbs attacks. (AC +1,
                  | EV +1) [Jiyva's grace]
    47 | D        | Lost mutation: Armour fits poorly on your large pseudopods.
                  | [Jiyva's grace]
    48 | D        | Lost mutation: You passively map a small area around you.
                  | [Jiyva's grace]
    48 | D        | Gained mutation: Your translucent skin reduces your foes'
                  | accuracy. (Stealth) [Jiyva's grace]
    48 | D        | Lost mutation: You have large cloven feet. [Jiyva's grace]
    48 | D        | Lost mutation: Armour fits poorly on your pseudopods.
                  | [Jiyva's grace]
    48 | D        | Lost mutation: You are robust. (+10% HP) [Jiyva's grace]
    48 | D        | Gained mutation: Your rubbery body absorbs attacks. (AC +1,
                  | EV +1) [Jiyva's grace]
    48 | D        | Lost mutation: You are resistant to hostile enchantments.
                  | (MR+) [Jiyva's grace]
    49 | D        | Lost mutation: You are clumsy. (Dex -2) [Jiyva's grace]
    49 | D        | Gained mutation: You have a beak for a mouth. [Jiyva's
                  | grace]
    49 | D        | Lost mutation: Your translucent skin reduces your foes'
                  | accuracy. (Stealth) [Jiyva's grace]
    49 | D        | Lost mutation: You have a small jelly attached to you that
                  | senses nearby items. [Jiyva's grace]
    49 | D        | Lost mutation: Your system is resistant to poisons. (rPois)
                  | [Jiyva's grace]
    49 | D        | Gained mutation: You are somewhat resistant to further
                  | mutation. [Jiyva's grace]
    49 | D        | Gained mutation: Your translucent skin reduces your foes'
                  | accuracy. (Stealth) [Jiyva's grace]
    49 | D        | Lost mutation: You are somewhat resistant to further
                  | mutation. [Jiyva's grace]
    49 | D        | Gained mutation: Your pliable body absorbs attacks. (AC +2,
                  | EV +2) [Jiyva's grace]
    49 | D        | Gained mutation: Your system is resistant to poisons.
                  | (rPois) [Jiyva's grace]
    49 | D        | Lost mutation: You possess an exceptional clarity of mind.
                  | [Jiyva's grace]
    50 | D        | Gained mutation: You possess an exceptional clarity of
                  | mind. [Jiyva's grace]
    51 | D        | Lost mutation: You have acidic saliva. [Jiyva's grace]
    51 | D        | Gained mutation: Your natural rate of healing is unusually
                  | fast. [Jiyva's grace]
    51 | D        | Lost mutation: You possess an exceptional clarity of mind.
                  | [Jiyva's grace]
    51 | D        | Gained mutation: Armour fits poorly on your pseudopods.
                  | [Jiyva's grace]
    52 | D        | Lost mutation: Your system is resistant to poisons. (rPois)
                  | [Jiyva's grace]
    52 | D        | Gained mutation: You are frail. (-10% HP) [Jiyva's grace]
    52 | D        | Gained mutation: Scrolls take you a little longer to read.
                  | [Jiyva's grace]
    54 | D        | Entered arena 2.
    54 | D        | Noticed a fire bat
    54 | D        | Noticed a cyan ugly thing
    54 | D        | Killed a fire bat
    54 | D        | Reached skill level 6 in Long Blades
    54 | D        | Found a transporter.
    54 | D        | Gained mutation: Your flesh is cold resistant. (rC+)
                  | [demonic ancestry]
    54 | D        | Reached XP level 2. HP: 22/22 MP: 2/2
    54 | D        | Reached XP level 3. HP: 27/27 MP: 3/3
    54 | D        | Reached XP level 4. HP: 33/33 MP: 4/4
    54 | D        | Gained mutation: You have large cloven feet. [demonic
                  | ancestry]
    54 | D        | Reached XP level 5. HP: 37/37 MP: 5/5
    55 | D        | Lost mutation: You are frail. (-10% HP) [Jiyva's grace]
    55 | D        | Gained mutation: You are agile. (Dex +2) [Jiyva's grace]
    55 | D        | Gained mutation: You have acidic saliva. [Jiyva's grace]
    55 | D        | Gained mutation: Armour fits poorly on your strangely
                  | shaped body. [Jiyva's grace]
    56 | D        | Lost mutation: You are agile. (Dex +2) [Jiyva's grace]
    57 | D        | Gained mutation: You are resistant to hostile enchantments.
                  | (MR+) [Jiyva's grace]
    57 | D        | Gained mutation: You are highly resistant to hostile
                  | enchantments. (MR++) [Jiyva's grace]
    58 | D        | Killed a cyan ugly thing
    58 | D        | Reached skill level 5 in Fighting
    58 | D        | Reached skill level 9 in Long Blades
    58 | D        | Reached skill level 1 in Armour
    58 | D        | Gained mutation: You are partially covered in icy blue
                  | scales. (AC +2) [demonic ancestry]
    58 | D        | Reached XP level 6. HP: 51/51 MP: 6/6
    58 | D        | Gained mutation: You have hoof-like feet. [demonic
                  | ancestry]
    58 | D        | Reached XP level 7. HP: 56/56 MP: 7/7
    59 | D        | Reached skill level 5 in Throwing
    59 | D        | Gained mutation: You are mostly covered in icy blue scales.
                  | (AC +3) [demonic ancestry]
    59 | D        | Reached XP level 8. HP: 64/64 MP: 7/11
    59 | D        | Gained mutation: Your flesh is heat resistant. (rF+)
                  | [Jiyva's grace]
    59 | D        | Gained mutation: You have a pair of small antennae on your
                  | head. [Jiyva's grace]
    59 | D        | Gained mutation: Armour fits poorly on your large
                  | pseudopods. [Jiyva's grace]
    59 | D        | Gained mutation: You are covered in slimy tendrils that may
                  | disarm your opponents. [Jiyva's grace]
    61 | D        | Lost mutation: Armour fits poorly on your strangely shaped
                  | body. [Jiyva's grace]
    61 | D        | Lost mutation: You have a pair of small antennae on your
                  | head. [Jiyva's grace]
    61 | D        | Gained mutation: You are agile. (Dex +2) [Jiyva's grace]
    62 | D        | Lost mutation: You are highly resistant to hostile
                  | enchantments. (MR++) [Jiyva's grace]
    63 | D        | Lost mutation: Your translucent skin reduces your foes'
                  | accuracy. (Stealth) [Jiyva's grace]
    63 | D        | Gained mutation: You can translocate small distances at
                  | will. [Jiyva's grace]
    63 | D        | Gained mutation: Armour fits poorly on your massive
                  | pseudopods. [Jiyva's grace]
    63 | D        | Gained mutation: Your mind is acute. (Int +2) [Jiyva's
                  | grace]
    63 | D        | Lost mutation: Your mind is acute. (Int +2) [Jiyva's grace]
    63 | D        | Gained mutation: You are very agile. (Dex +4) [Jiyva's
                  | grace]
    63 | D        | Gained mutation: You expend magic power (3 MP) to
                  | strengthen your wands. [Jiyva's grace]
    63 | D        | Lost mutation: You are very agile. (Dex +4) [Jiyva's grace]
    63 | D        | Lost mutation: You have acidic saliva. [Jiyva's grace]
    63 | D        | Gained mutation: You have hooves in place of feet. [Jiyva's
                  | grace]
    63 | D        | Gained mutation: Your body has grown golden eyes which may
                  | confuse attackers. (Acc +3) [Jiyva's grace]
    64 | D        | Entered arena 3.
    64 | D        | Found a transporter.
    67 | D        | Reached skill level 10 in Long Blades
    67 | D        | Lost mutation: Your pliable body absorbs attacks. (AC +2,
                  | EV +2) [Jiyva's grace]
    70 | D        | Gained mutation: You have a small jelly attached to you
                  | that senses nearby items. [Jiyva's grace]
    72 | D        | Gained mutation: You are covered in fur. (AC +1) [Jiyva's
                  | grace]
    72 | D        | Lost mutation: Scrolls take you a little longer to read.
                  | [Jiyva's grace]
    72 | D        | Gained mutation: You have supernaturally acute eyesight.
                  | (SInv) [Jiyva's grace]
    74 | D        | Entered arena 4.
    74 | D        | Noticed a green death
    74 | D        | Found a transporter.
    74 | D        | Lost mutation: Your rubbery body absorbs attacks. (AC +1,
                  | EV +1) [Jiyva's grace]
    77 | D        | Lost mutation: You are resistant to hostile enchantments.
                  | (MR+) [Jiyva's grace]
    78 | D        | Lost mutation: You are agile. (Dex +2) [Jiyva's grace]
    81 | D        | Killed a green death
    81 | D        | Reached skill level 11 in Long Blades
    81 | D        | Reached skill level 10 in Dodging
    81 | D        | Gained mutation: You are partially covered in sharp spines.
                  | [demonic ancestry]
    81 | D        | Reached XP level 9. HP: 25/76 MP: 12/12
    81 | D        | Lost mutation: You have hooves in place of feet. [Jiyva's
                  | grace]
    86 | D        | Lost mutation: You have a beak for a mouth. [Jiyva's grace]
    90 | D        | Lost mutation: Your natural rate of healing is unusually
                  | fast. [Jiyva's grace]
    93 | D        | Entered arena 5.
    93 | D        | Noticed a cyan ugly thing
    93 | D        | Found a transporter.
    94 | D        | Lost mutation: You are covered in fur. (AC +1) [Jiyva's
                  | grace]
    99 | D        | Lost mutation: You have supernaturally acute eyesight.
                  | (SInv) [Jiyva's grace]
   101 | D        | Gained mutation: You have acidic saliva. [Jiyva's grace]
   102 | D        | Killed a cyan ugly thing
   105 | D        | Reached skill level 10 in Fighting
   105 | D        | Gained mutation: You have hooves in place of feet. [Jiyva's
                  | grace]
   109 | D        | Entered arena 6.
   109 | D        | Found a transporter.
   110 | D        | Gained mutation: Your muscles are strong. (Str +2) [Jiyva's
                  | grace]
   114 | D        | Lost mutation: Your muscles are strong. (Str +2) [Jiyva's
                  | grace]
   116 | D        | Reached skill level 12 in Long Blades
   120 | D        | Lost mutation: You have hooves in place of feet. [Jiyva's
                  | grace]
   123 | D        | Entered arena 7.
   123 | D        | Noticed an eight-headed hydra
   125 | D        | Found a transporter.
   126 | D        | Gained mutation: You have a pair of small horns on your
                  | head. [Jiyva's grace]
   129 | D        | Killed a nine-headed hydra
   130 | D        | Gained mutation: You are mostly covered in sharp spines.
                  | [demonic ancestry]
   130 | D        | Reached XP level 10. HP: 87/87 MP: 13/13
   134 | D        | Lost mutation: Armour fits poorly on your massive
                  | pseudopods. [Jiyva's grace]
   138 | D        | Lost mutation: You can translocate small distances at will.
                  | [Jiyva's grace]
   143 | D        | Entered arena 8.
   144 | D        | Found a transporter.
   146 | D        | Gained mutation: You evolve. [Jiyva's grace]
   149 | D        | Gained mutation: You possess an exceptional clarity of
                  | mind. [Jiyva's grace]
   153 | D        | Gained mutation: Your body has grown many golden eyes which
                  | may confuse attackers. (Acc +5) [Jiyva's grace]
   159 | D        | Reached skill level 13 in Long Blades
   163 | D        | Gained mutation: Your system is resistant to poisons.
                  | (rPois) [Jiyva's grace]
   168 | D        | Gained mutation: You are agile. (Dex +2) [Jiyva's grace]
   170 | D        | Got the ring of Propriety {rElec rF+ EV+2 Stlth+}
   174 | D        | Entered arena 9.
   174 | D        | Noticed a tentacled starspawn
   175 | D        | Found the ring of Robustness {AC+8}
   175 | D        | Found a transporter.
   175 | D        | Gained mutation: You have a small jelly attached to you
                  | that may absorb incoming projectiles. [Jiyva's grace]
   181 | D        | Lost mutation: You have acidic saliva. [Jiyva's grace]
   185 | D        | Lost mutation: You have a pair of small horns on your head.
                  | [Jiyva's grace]
   187 | D        | Killed a tentacled starspawn
   190 | D        | Gained mutation: Your translucent skin reduces your foes'
                  | accuracy. (Stealth) [Jiyva's grace]
   195 | D        | Gained mutation: Armour fits poorly on your massive
                  | pseudopods. [Jiyva's grace]
   197 | D        | Entered arena 10.
   197 | D        | Noticed a centaur warrior
   197 | D        | Noticed a yaktaur captain
   197 | D        | Noticed a cyclops
   198 | D        | Identified the cursed +0 battleaxe of Matoept {chop, Dex+9}
   198 | D        | Found a transporter.
   203 | D        | Gained mutation: Your rubbery body absorbs attacks. (AC +1,
                  | EV +1) [Jiyva's grace]
   204 | D        | HP: 3/91 [centaur warrior (9)]
   204 | D        | Killed a centaur warrior
   204 | D        | Reached skill level 14 in Long Blades
   205 | D        | Shot with a bolt by a yaktaur

Skill      XL: |  1  2  3  4  5  6  7  8  9 10 |
---------------+-------------------------------+-----
Fighting       | 3 5 6 9 11 13 | 13.1
Long Blades    | 6 9 11 12 14 | 14.0
Throwing       | 3 4 5 |  5.4
Dodging        | 6 8 9 10 12 13 | 13.7
Armour         | 1 2 |  2.6
Stealth        | 2 |  2.4
Unarmed Combat | 2 |  2.2
Spellcasting   | 2 |  2.2
Evocations     | 2 |  2.4

Action                   |  1- 3 |  4- 6 |  7- 9 | 10-12 || total
-------------------------+-------+-------+-------+-------++-------
Melee: Triple sword      |       |     3 |    25 |    28 ||    56
       Kick              |       |     1 |    15 |    16 ||    32
       Pseudopods        |       |     1 |     7 |    14 ||    22
       Peck              |       |       |     4 |       ||     4
       Bite              |       |       |     2 |     1 ||     3
       Headbutt          |       |       |     1 |     6 ||     7
  Use: Potion            |       |       |     3 |       ||     3
 Stab: Confused          |       |       |     1 |       ||     1
Armor: Plate armour      |       |     1 |    30 |    30 ||    61
Dodge: Dodged            |     1 |     3 |    43 |    67 ||   114
       Rpst.: Triple sword |     1 |     1 |     9 |     9 ||    20
